Map: Discord IV

Players

Radonsky

  • Race: Terran Terran
  • League: Gold
  • Spawn Location: 9:00

Gracz

  • Race: Terran Terran
  • Spawn Location: 11:00

Pinte

  • Race: Protoss Protoss
  • Spawn Location: 5:00

Chuco

  • Race: Zerg Zerg
  • Spawn Location: 5:00

VOD

Have the link to the VOD?

Description

Time

  • Played on: March 12, 2016, 7:46 a.m.
  • Length: 18:44
Show
View Real Time Build Order
Export as new Build Order

Radonsky Terran 

Build Orders: Reaper Expand, MMM Bio 

Get SALT Encoding   

  12  0:01  SCV  
  13  0:13  SCV  
  14  0:21  Supply Depot  
  14  0:25  SCV  
  15  0:43  SCV  
  15  0:46  Barracks  
  15  0:48  Refinery  
  16  0:55  SCV  
  17  1:07  SCV  
  18  1:19  SCV  
  19  1:34  Orbital Command, Reaper  
  20  1:46  Command Center  
  20  1:54  Supply Depot  
  20  2:01  SCV  
  21  2:06  Marine  
  22  2:13  SCV  
  23  2:15  Factory  
  23  2:24  Refinery  
  23  2:25  SCV  
  24  2:31  Marine  
  25  2:37  SCV  
  26  2:49  SCV  
  27  2:53  Marine  
  28  3:00  Bunker  
  28  3:01  SCV  
  28  3:02  Starport  
  28  3:03  Factory Tech Lab  
  27  3:05  Orbital Command  
  28  3:11  Marine  
  29  3:24  Siege Tank  
  29  3:27  Barracks  
  32  3:30  SCV  
  33  3:39  Barracks Tech Lab  
  33  3:40  Medivac  
  35  3:43  SCV x2  
  35  3:48  Supply Depot  
  37  3:59  Marine, Stimpack  
  38  4:04  SCV x2  
  38  4:06  Barracks  
  40  4:15  Marine  
  40  4:16  Marine, SCV x2  
  44  4:24  Engineering Bay  
  44  4:25  Supply Depot  
  44  4:28  SCV x2  
  41  4:47  Marine x2  
  40  4:53  Missile Turret  
  40  4:56  Missile Turret  
  40  4:57  SCV x2  
  40  5:06  Barracks Reactor x2  
  40  5:07  Marine  
  40  5:08  Medivac  
  40  5:13  SCV  
  40  5:14  SCV  
  45  5:27  Marine  
  45  5:28  SCV x2  
  48  5:33  Refinery  
  48  5:35  Terran Infantry Weapons Level 1  
  48  5:41  Engineering Bay  
  48  5:43  SCV x2  
  48  5:45  Marine  
  48  5:46  Refinery  
  48  5:47  Supply Depot  
  48  5:48  Marine x2  
  48  6:04  Marine x2  
  48  6:05  Combat Shields, Marine  
  48  6:06  Marine x2  
  52  6:12  SCV  
  52  6:13  SCV  
  54  6:21  Marine x2  
  54  6:22  Marine  
  54  6:23  Supply Depot, Terran Infantry Armor Level 1  
  54  6:24  Marine  
  55  7:03  Marine  
  55  7:04  Marine x3, Marauder  
  55  7:05  Siege Tank  
  55  7:07  Starport Reactor  
  64  7:15  SCV  
  65  7:21  Marine  
  65  7:22  Armory  
  66  7:23  Command Center  
  66  7:36  Marine x2, Marauder  
  70  7:37  Concussive Shells  
  70  7:39  Marine  
  67  8:06  Marine x5  
  67  8:10  Missile Turret  
  67  8:12  Missile Turret  
  66  8:15  Missile Turret  
  66  8:17  Hi-Sec Auto Tracking  
  66  8:18  Terran Infantry Weapons Level 2  
  66  8:19  Missile Turret  
  65  8:37  Missile Turret  
  65  8:41  Marine x4  
  66  8:42  Marine  
  70  8:49  Missile Turret x2  
  70  8:52  Missile Turret  
  70  8:59  Missile Turret  
  70  9:06  SCV x2  
  72  9:14  Terran Infantry Armor Level 2  
  71  9:20  Missile Turret  
  69  9:34  Marauder  
  69  9:35  Marine x4  
  75  9:39  Command Center  
  75  9:52  Marine  
  75  9:53  Marine x2  
  75  9:58  Barracks  
  75  9:59  Supply Depot  
  78  10:00  Supply Depot  
  78  10:01  Barracks  
  78  10:20  Marine x2  
  78  10:21  SCV x2, Marauder  
  84  10:31  Medivac x2  
  88  10:35  Terran Vehicle Weapons Level 1  
  78  11:19  Barracks Tech Lab  
  78  11:20  Barracks Tech Lab, Marine x2  
  78  11:21  Marine x2  
  78  11:22  Orbital Command, Marauder  
  84  11:26  SCV x2  
  84  11:29  Missile Turret  
  84  11:32  Viking x2  
  90  11:38  SCV x2  
  92  11:43  Marauder  
  92  11:50  SCV  
  88  12:01  Marine  
  88  12:02  Marine x2  
  88  12:03  Marauder x2  
  84  12:21  Marine  
  84  12:22  Marine x3, Marauder  
  67  12:24  Marauder  
  67  12:27  Marauder  
  71  12:39  Marine x2  
  71  12:40  Marine x2  
  71  12:43  Marauder  
  77  12:46  Marauder  
  77  12:48  Marauder  
  81  12:57  Marine  
  82  12:59  Marine  
  82  13:00  Marine, Viking x2  
  82  13:04  Marauder  
  90  13:07  Marauder  
  82  13:15  Marauder  
  84  13:25  SCV  
  84  13:26  SCV x2, Marauder  
  89  13:28  Marauder  
  95  13:37  Marauder  
  97  13:41  Medivac  
  97  13:42  Medivac  
  97  13:43  Marine x3  
  97  13:47  Marauder  
  102  13:48  Supply Depot  
  102  13:49  Supply Depot  
  102  13:50  Marauder  
  102  13:54  Terran Vehicle And Ship Armor Level 1  
  102  13:55  Terran Infantry Armor Level 3, Terran Infantry Weapons Level 3  
  104  13:58  SCV x3  
  104  14:01  Marauder  
  108  14:24  Medivac x2  
  108  14:25  Marine  
  108  14:26  Marine, Marauder x3  
  108  14:28  Refinery  
  120  14:31  Refinery  
  120  14:33  Supply Depot  
  120  14:36  Marine  
  110  14:47  Marauder x2  
  105  15:11  Medivac x2  
  105  15:13  Marine x5, Marauder x2  
  118  15:31  Marine x5  
  118  15:34  Marine x2  
  107  16:12  Marine x2, Marauder x2  
  107  16:13  Viking x2  
  121  17:01  Marine, Marauder x3  
  121  17:02  Marine x3, Viking x2  
  102  18:00  Marine x3  
  102  18:01  Marine, Marauder  
  102  18:02  Marauder  
  102  18:03  Marauder  
  74  18:18  Marine x3  
  74  18:19  Marine  
Show
View Real Time Build Order
Export as new Build Order

Gracz Terran 

Build Orders:  

Get SALT Encoding   

  12  0:01  SCV  
  13  0:14  SCV  
  14  0:28  Refinery  
  14  0:39  Supply Depot  
  14  0:53  SCV  
  15  1:02  Barracks  
  15  1:05  SCV  
  16  1:18  Engineering Bay  
  16  1:19  SCV  
  17  1:31  SCV  
  18  1:46  Barracks  
  18  2:00  Refinery, Orbital Command  
  18  2:17  Factory  
  18  2:27  SCV  
  19  2:37  Barracks Reactor  
  19  2:38  Barracks Reactor  
  19  2:39  SCV  
  20  3:00  Engineering Bay  
  20  3:02  SCV  
  21  3:12  Starport  
  21  3:20  Barracks  
  21  3:34  Factory  
  21  3:38  SCV  
  22  3:50  SCV  
  23  3:57  Starport  
  23  4:08  Barracks Reactor  
  23  4:14  Engineering Bay  
  23  4:15  Barracks  
  23  4:20  Factory Tech Lab x2  
  23  4:40  Starport Tech Lab  
  23  4:41  Starport Tech Lab  
  23  4:55  Supply Depot  
  23  5:02  Marine  
  23  5:03  Marine x2  
  26  5:07  Barracks Tech Lab  
  26  5:12  Terran Infantry Weapons Level 1  
  26  5:14  Terran Infantry Armor Level 1  
  26  5:16  Marine x3  
  26  5:20  Marine x2  
  31  5:30  Supply Depot  
  31  5:45  Banshee  
  31  5:48  Banshee  
  37  6:25  Supply Depot  
  37  6:26  Combat Shields  
  37  6:37  Command Center  
  37  7:10  Banshee x2  
  37  7:14  Cloaking Field  
  43  7:26  Supply Depot  
  43  7:45  Stimpack  
  43  8:17  Banshee x2  
  49  8:24  Supply Depot  
  49  9:00  Banshee x2  
  49  9:01  Marine x2  
  49  9:02  Marine x3  
  60  9:04  Marine x2  
  62  9:10  Hellion x2  
  66  9:19  Marine x2  
  62  9:42  Viking  
  62  9:43  Viking  
  35  11:02  Banshee  
  35  11:03  Banshee  
  41  11:44  Refinery  
  41  11:45  Banshee x2  
  47  12:28  Banshee x2  
  38  12:45  Starport x2  
  38  12:46  Siege Tank  
  38  12:50  Orbital Command  
  41  13:11  Banshee x2  
  41  13:12  Refinery  
  47  13:24  Armory  
  47  13:50  Starport Tech Lab  
  47  13:52  Starport Tech Lab  
  47  13:54  Banshee  
  50  14:00  Marine, Starport  
  50  14:01  Marine x6  
  54  14:18  Marine x5  
  54  14:19  Marine x2  
  42  14:32  Orbital Command  
  42  14:36  Marine x2  
  27  15:16  Fusion Core  
  27  15:18  Marine  
  27  15:19  Marine  
  29  15:27  SCV  
  30  15:32  SCV  
  31  15:39  SCV  
  32  15:44  SCV  
  33  15:51  SCV  
  33  15:56  SCV  
  35  16:03  SCV  
  32  16:08  SCV  
  33  16:20  SCV  
  34  16:35  SCV  
  35  16:47  SCV  
  35  16:48  Banshee  
  35  16:50  Starport, Starport Tech Lab  
  22  17:21  Banshee  
  15  17:24  Marine x7  
  22  17:42  Marine x7  
  29  17:59  Marine  
  29  18:00  Marine x5  
Show
View Real Time Build Order
Export as new Build Order

Pinte Protoss 

Build Orders: 1 Gate Expand, Oracle Opening 

Get SALT Encoding   

  12  0:01  Probe (Chrono Boost)  
  13  0:11  Probe (Chrono Boost)  
  14  0:19  Pylon  
  14  0:22  Probe (Chrono Boost)  
  15  0:37  Probe (Chrono Boost)  
  15  0:38  Gateway  
  16  0:45  Assimilator  
  16  0:48  Probe (Chrono Boost)  
  17  0:58  Probe (Chrono Boost)  
  18  1:09  Probe (Chrono Boost)  
  19  1:24  Nexus  
  19  1:37  Cybernetics Core  
  19  1:40  Probe (Chrono Boost)  
  19  1:45  Assimilator  
  20  1:52  Pylon  
  20  1:55  Probe (Chrono Boost)  
  21  2:06  Probe (Chrono Boost)  
  22  2:16  Stalker  
  22  2:17  Mothership Core (Chrono Boost)  
  26  2:30  Warp Gate  
  26  2:35  Probe (Chrono Boost)  
  27  2:43  Probe (Chrono Boost)  
  28  2:45  Probe (Chrono Boost)  
  29  2:53  Probe (Chrono Boost)  
  29  2:56  Probe (Chrono Boost)  
  31  3:04  Probe (Chrono Boost)  
  31  3:05  Stargate  
  32  3:06  Probe (Chrono Boost)  
  33  3:14  Probe (Chrono Boost)  
  33  3:17  Pylon, Probe (Chrono Boost)  
  35  3:23  Stalker  
  35  3:25  Probe (Chrono Boost)  
  38  3:27  Probe (Chrono Boost)  
  39  3:35  Probe (Chrono Boost)  
  39  3:38  Probe (Chrono Boost)  
  39  3:39  Robotics Facility  
  41  3:46  Probe (Chrono Boost)  
  41  3:47  Probe (Chrono Boost)  
  42  3:49  Oracle (Chrono Boost)  
  46  3:55  Assimilator  
  46  3:57  Probe x2  
  46  4:01  Stalker  
  50  4:08  Probe  
  50  4:09  Pylon, Probe  
  52  4:18  Assimilator, Probe  
  52  4:21  Probe  
  52  4:22  Pylon  
  54  4:28  Observer  
  54  4:29  Probe  
  56  4:33  Probe  
  56  4:36  Gateway  
  57  4:39  Gateway, Probe  
  58  4:46  Probe  
  58  4:50  Probe  
  60  4:58  Probe  
  61  5:00  Probe  
  62  5:11  Stalker  
  62  5:13  Probe  
  64  5:17  Probe  
  64  5:19  Immortal  
  69  5:23  Probe  
  70  5:42  Pylon  
  70  5:43  Pylon  
  70  5:45  Pylon  
  70  5:58  Probe  
  70  6:00  Probe  
  70  6:01  Immortal  
  70  6:02  Stalker x3, Nexus  
  82  6:04  Pylon  
  82  6:05  Pylon  
  82  6:06  Pylon  
  82  6:09  Probe  
  83  6:12  Probe  
  83  6:17  Robotics Bay  
  84  6:20  Probe, Twilight Council  
  84  6:21  Forge  
  84  6:24  Probe  
  86  6:27  Stalker x3  
  86  6:28  Forge  
  83  6:56  Observer  
  83  6:57  Blink (Chrono Boost)  
  83  6:59  Protoss Ground Weapons Level 1 (Chrono Boost)  
  84  7:02  Probe  
  84  7:06  Probe  
  86  7:12  Gateway  
  86  7:13  Gateway  
  86  7:14  Probe x2  
  86  7:15  Gateway  
  87  7:20  Gateway  
  87  7:21  Gateway  
  88  7:26  Pylon, Colossus  
  88  7:28  Protoss Ground Armor Level 1 (Chrono Boost)  
  88  7:29  Pylon  
  94  7:36  Assimilator  
  94  7:41  Assimilator, Stalker  
  94  7:42  Stalker x2  
  90  8:09  Stalker x3  
  96  8:19  Pylon  
  96  8:22  Pylon  
  96  8:28  Stalker x2  
  96  8:29  Probe  
  96  8:30  Probe  
  96  8:32  Probe  
  103  8:39  Protoss Ground Weapons Level 2 (Chrono Boost)  
  103  8:46  Nexus  
  103  8:48  Pylon  
  103  8:49  Pylon  
  103  8:50  Adept x2, Pylon  
  103  8:51  Adept x3  
  113  8:58  Resonating Glaives (Chrono Boost)  
  113  9:06  Zealot  
  113  9:07  Zealot x2  
  119  9:15  Pylon  
  119  9:17  Pylon, Protoss Ground Armor Level 2  
  119  9:21  Adept  
  119  9:22  Adept x2  
  125  9:28  Robotics Facility  
  123  9:53  Colossus  
  123  9:55  Adept x3  
  123  9:56  Adept x5  
  145  10:05  Templar Archives  
  143  10:25  Warp Prism  
  143  10:28  Adept x5  
  155  10:46  Colossus  
  158  10:51  Zealot x5  
  158  10:53  Probe  
  160  11:04  Probe  
  160  11:05  Probe x2  
  163  11:14  Probe  
  163  11:17  Probe x2  
  166  11:19  Protoss Ground Weapons Level 3  
  166  11:25  Adept x3, Probe  
  168  11:26  Adept x3  
  168  11:29  Probe x2  
  181  11:35  Adept x2  
  185  11:40  Protoss Ground Armor Level 3  
  183  12:03  Adept x6  
  191  12:22  Stalker x2  
  187  12:23  Colossus  
  187  12:29  Psionic Storm  
  181  12:40  Zealot x2  
  180  12:45  Adept  
  174  12:56  Probe  
  174  12:58  Probe x2  
  173  13:06  Adept, Probe  
  170  13:16  Probe x2  
  170  13:17  Probe  
  173  13:28  Probe x2  
  173  13:31  Pylon  
  173  13:33  Pylon  
  175  13:56  Photon Cannon  
  175  13:57  Probe  
  175  14:01  Photon Cannon  
  176  14:05  Photon Cannon  
  176  14:09  Adept x4  
  184  14:10  Adept  
  186  14:26  Stalker x3  
  178  14:51  Adept x4  
  178  14:52  Adept  
  184  14:57  Stalker  
  184  15:00  Probe  
  184  15:02  Probe  
  184  15:06  Stalker  
  188  15:10  Probe x2  
  190  15:18  High Templar x3  
  190  15:20  High Templar  
  198  15:23  High Templar  
  196  15:40  Zealot x3  
  184  16:19  Mothership Core  
  186  16:41  Nexus  
  186  16:42  Pylon  
  186  16:46  Adept  
  186  16:47  Adept x2  
  165  17:30  Zealot x4  
  165  17:31  Zealot  
  107  18:17  High Templar  
Show
View Real Time Build Order
Export as new Build Order

Chuco Zerg 

Build Orders: Hatch First 

Get SALT Encoding   

  12  0:01  Drone  
  13  0:09  Drone  
  14  0:17  Overlord  
  14  0:36  Drone x3  
  17  0:55  Hatchery  
  16  1:00  Drone x2  
  18  1:17  Spawning Pool  
  17  1:19  Extractor  
  17  1:22  Drone x2  
  18  1:37  Drone  
  19  1:44  Drone  
  20  1:55  Overlord  
  20  2:04  Queen  
  20  2:07  Queen  
  24  2:09  Drone  
  24  2:13  Drone x2  
  27  2:20  Drone  
  27  2:21  Spine Crawler  
  26  2:43  Queen  
  27  2:44  Drone  
  27  2:45  Drone  
  30  2:51  Drone x3  
  32  3:07  Drone x2  
  32  3:08  Drone  
  32  3:11  Drone  
  36  3:16  Spine Crawler  
  35  3:27  Drone  
  35  3:28  Overlord x2  
  36  3:34  Spore Crawler  
  36  3:37  Lair  
  35  3:43  Drone  
  35  3:46  Queen  
  38  3:48  Extractor  
  38  3:51  Drone x3  
  38  3:54  Spore Crawler  
  39  4:07  Extractor  
  38  4:14  Drone  
  38  4:15  Drone x3  
  42  4:22  Spine Crawler  
  41  4:25  Hatchery  
  41  4:29  Spore Crawler  
  39  4:40  Drone  
  39  4:41  Drone x2  
  42  4:51  Drone x2  
  44  4:59  Drone  
  45  5:00  Drone x3  
  45  5:05  Drone  
  45  5:06  Spire x2  
  47  5:07  Extractor  
  46  5:23  Spine Crawler  
  46  5:26  Drone  
  46  5:27  Drone  
  47  5:33  Spine Crawler  
  46  5:51  Spore Crawler  
  46  5:57  Drone x3  
  48  6:10  Infestation Pit  
  47  6:22  Drone x3  
  50  6:27  Mutalisk  
  50  6:30  Overlord x3  
  52  6:45  Spore Crawler  
  51  6:58  Drone  
  51  6:59  Drone x2  
  54  7:08  Hive  
  54  7:25  Drone x3  
  57  7:30  Extractor  
  57  7:32  Hatchery  
  57  7:34  Mutalisk  
  57  7:35  Mutalisk x10, Extractor  
  74  7:59  Mutalisk  
  74  8:14  Overlord x4  
  74  8:15  Overlord x3  
  74  8:26  Spore Crawler  
  73  8:33  Drone x5  
  73  8:34  Drone x3  
  81  8:39  Overlord x2  
  81  8:42  Pneumatized Carapace  
  81  8:50  Drone  
  81  8:55  Spine Crawler, Drone  
  82  8:56  Spine Crawler  
  82  8:58  Spine Crawler  
  64  9:29  Spine Crawler x2  
  64  9:30  Spine Crawler  
  61  9:31  Spine Crawler  
  61  9:32  Spine Crawler  
  61  9:33  Spine Crawler  
  61  9:34  Spine Crawler  
  61  9:36  Spine Crawler x2  
  61  9:37  Drone x6  
  61  9:46  Spore Crawler  
  60  10:00  Viper x5  
  60  10:01  Viper  
  60  10:05  Drone x6  
  60  10:06  Drone x2  
  86  10:12  Spine Crawler  
  86  10:13  Spore Crawler  
  86  10:14  Spine Crawler  
  83  10:16  Spine Crawler x2  
  75  10:45  Drone  
  75  10:46  Drone x4  
  80  10:54  Spine Crawler  
  80  10:55  Spine Crawler  
  78  10:57  Spine Crawler  
  77  11:04  Drone  
  77  11:05  Drone  
  79  11:12  Drone x4  
  79  11:13  Drone x2  
  85  11:21  Spore Crawler  
  82  11:49  Spine Crawler  
  82  11:52  Spine Crawler  
  77  11:55  Spine Crawler  
  76  12:02  Spine Crawler x2  
  76  12:03  Spine Crawler  
  76  12:04  Spine Crawler  
  76  12:05  Spine Crawler  
  76  12:06  Spine Crawler  
  76  12:07  Spine Crawler  
  76  12:08  Spine Crawler x2, Spore Crawler  
  67  12:09  Spore Crawler  
  67  12:10  Spine Crawler  
  64  12:43  Drone  
  67  12:44  Drone x4  
  69  12:56  Spine Crawler x2  
  69  12:57  Spine Crawler x2  
  65  13:00  Spore Crawler  
  65  13:04  Drone  
  65  13:05  Drone x9  
  74  13:33  Queen  
  76  13:35  Drone x5  
  81  14:03  Drone x2  
  81  14:04  Drone x4  
  81  14:09  Queen  
  89  14:47  Viper  
  89  14:48  Viper x5  
  107  15:05  Spore Crawler  
  107  15:07  Spore Crawler x2  
  105  15:09  Spore Crawler x2  
  105  15:10  Spine Crawler  
  105  15:14  Spine Crawler  
  100  15:16  Spore Crawler x3  
  100  15:17  Spine Crawler, Spore Crawler  
  100  15:20  Spine Crawler  
  94  15:30  Drone x5  
  97  16:09  Spore Crawler  
  94  16:12  Spore Crawler x2  
  94  16:13  Spore Crawler  
  91  16:20  Drone x4  
  91  16:21  Drone x2  
  91  16:23  Spore Crawler  
  91  16:25  Spore Crawler x3  
  95  16:30  Spore Crawler  
  95  16:31  Spore Crawler  
  85  16:46  Spore Crawler x2  
  83  17:32  Spine Crawler  
  83  17:33  Spine Crawler  
  83  17:34  Spine Crawler x2  
  83  17:35  Spine Crawler  
  78  17:38  Drone  
  78  17:39  Drone x4  
  78  17:40  Spine Crawler x2  
  81  17:51  Spine Crawler  
  80  17:52  Spine Crawler  
  80  17:54  Spore Crawler  
  80  17:57  Spore Crawler  
  77  17:58  Spine Crawler  
  77  17:59  Spore Crawler  
  75  18:13  Spine Crawler  
  75  18:16  Spine Crawler  
  75  18:17  Spine Crawler  
Tags
 
Add a new tag
Caveats
  • Supply blocks, unpowered buildings, or Contaminate may cause inaccurate times.
  • Supply counts are checked every 10 seconds.